Map: Jagannatha LE

Players

ViBE - Winner!

  • Race: Zerg Zerg
  • League: Master

SkinMilk

  • Race: Zerg Zerg
  • League: Diamond

VOD

Have the link to the VOD?

Description

Time

  • Played on: May 5, 2021, 7:36 p.m.
  • Length: 10:37
Show
View Real Time Build Order
Export as new Build Order

ViBE Zerg - Winner!

Build Orders: Hatch First, Muta Ling Bane 

Get SALT Encoding   

  12  0:00  Drone  
  13  0:13  Overlord  
  13  0:17  Drone  
  14  0:32  Drone x2  
  16  0:48  Hatchery  
  15  0:52  Drone  
  15  0:55  Drone  
  17  0:59  Drone  
  18  1:08  Extractor  
  17  1:14  Spawning Pool  
  17  1:18  Drone  
  17  1:20  Drone  
  18  1:29  Drone  
  19  2:01  Zergling x8  
  19  2:02  Queen x2  
  27  2:32  Drone  
  27  2:33  Overlord  
  27  2:36  Overlord  
  28  2:48  Lair  
  28  2:54  Drone  
  28  2:55  Drone  
  30  2:59  Drone x4  
  34  3:06  Overlord  
  34  3:11  Drone  
  34  3:12  Drone  
  36  3:18  Drone, Baneling Nest  
  36  3:24  Overlord  
  36  3:27  Drone x3  
  36  3:31  Drone x2  
  40  3:42  Overlord  
  40  3:47  Extractor  
  40  3:48  Drone x6  
  45  3:49  Extractor  
  44  4:01  Drone x3  
  47  4:04  Baneling  
  47  4:05  Baneling  
  47  4:16  Drone x2, Extractor  
  48  4:17  Drone x3  
  48  4:19  Drone  
  48  4:21  Drone  
  53  4:28  Spire  
  53  4:30  Hatchery  
  51  4:33  Metabolic Boost  
  51  4:39  Overlord  
  51  4:40  Queen  
  53  4:47  Overlord  
  53  4:48  Zergling x2  
  53  4:49  Zergling x4  
  53  4:51  Zergling x2  
  57  4:58  Zergling x2  
  57  5:13  Drone x7  
  64  5:15  Baneling  
  64  5:24  Drone x2  
  66  5:29  Drone x2  
  68  5:37  Extractor  
  68  5:38  Extractor  
  68  5:40  Mutalisk, Zerg Flyer Weapons Level 1  
  68  5:41  Mutalisk x4  
  76  5:43  Mutalisk  
  76  5:44  Overlord  
  76  5:45  Overlord  
  78  5:57  Mutalisk  
  78  6:02  Overlord x2  
  80  6:07  Drone x8  
  88  6:19  Overlord x2  
  88  6:24  Mutalisk x4  
  88  6:25  Mutalisk  
  98  6:34  Overlord x2  
  98  6:38  Drone x4  
  98  6:39  Drone  
  103  6:52  Mutalisk x4  
  111  6:55  Overseer  
  111  6:58  Drone  
  112  7:02  Overlord  
  112  7:03  Overlord  
  112  7:09  Centrifical Hooks  
  112  7:10  Hatchery  
  112  7:14  Mutalisk x2  
  115  7:27  Mutalisk  
  115  7:28  Mutalisk  
  119  7:30  Overlord x2  
  119  7:33  Drone x11  
  130  7:40  Zergling x12  
  136  7:47  Zerg Flyer Weapons Level 2  
  136  7:50  Pneumatized Carapace  
  136  7:52  Overlord  
  136  7:54  Zergling x4  
  138  8:04  Zergling x6  
  141  8:14  Zergling x18  
  141  8:19  Extractor  
  149  8:20  Extractor  
  149  8:23  Baneling x20  
  149  8:24  Baneling x4  
  149  8:25  Baneling  
  149  8:26  Baneling  
  148  8:34  Zergling x14  
  152  8:55  Zergling x16  
  139  8:56  Zergling x14  
  145  9:11  Zergling x2  
  145  9:12  Zergling x8  
  149  9:18  Baneling x11  
  149  9:19  Baneling x3  
  149  9:20  Zergling x8  
  153  9:25  Infestation Pit  
  153  9:26  Baneling x7  
  153  9:27  Baneling  
  153  9:28  Baneling x9  
  153  9:30  Overlord x4  
  152  9:40  Zergling x4  
  152  9:41  Zergling x2  
  155  9:48  Hatchery  
  143  9:57  Zergling x10  
  138  10:06  Zergling x22  
  138  10:07  Zergling x4  
Show
View Real Time Build Order
Export as new Build Order

SkinMilk Zerg 

Build Orders: Pool First 

Get SALT Encoding   

  12  0:18  Spawning Pool  
  11  0:22  Drone  
  11  0:26  Drone  
  13  0:30  Drone  
  14  0:40  Overlord  
  14  1:05  Zergling x4  
  14  1:06  Zergling x2  
  17  1:16  Hatchery  
  16  1:20  Zergling x2  
  17  1:27  Zergling x2  
  18  1:35  Queen  
  20  1:42  Drone  
  21  1:48  Overlord  
  21  2:00  Drone  
  22  2:10  Queen  
  24  2:32  Queen  
  24  2:33  Drone x4  
  30  2:40  Drone  
  31  2:46  Drone, Overlord  
  32  3:00  Extractor  
  32  3:04  Hatchery  
  30  3:13  Drone x2  
  30  3:14  Drone  
  33  3:25  Drone x2  
  33  3:26  Drone  
  36  3:27  Drone  
  37  3:38  Drone x4  
  41  3:41  Overlord  
  41  3:52  Evolution Chamber  
  39  3:56  Extractor  
  39  3:58  Extractor  
  37  4:03  Drone  
  37  4:04  Drone x2  
  37  4:06  Lair  
  37  4:09  Extractor  
  40  4:17  Queen  
  42  4:29  Roach Warren  
  41  4:33  Drone x5  
  41  4:35  Drone  
  47  4:45  Drone x2, Zerg Missile Weapons Level 1  
  49  4:48  Drone x2  
  51  4:53  Overlord  
  50  5:09  Glial Reconstitution  
  50  5:13  Drone x5  
  55  5:16  Extractor  
  55  5:19  Drone  
  55  5:20  Drone  
  56  5:21  Drone  
  56  5:22  Drone x5  
  62  5:28  Evolution Chamber  
  61  5:41  Overlord x2  
  61  5:46  Overlord  
  61  5:54  Zerg Ground Armor Level 1  
  61  5:55  Roach x2  
  61  5:56  Overlord  
  61  5:57  Overlord  
  65  6:01  Roach x6  
  77  6:06  Roach  
  77  6:07  Roach x2  
  83  6:17  Hydralisk Den, Spore Crawler x2  
  80  6:18  Spore Crawler  
  79  6:29  Spore Crawler  
  79  6:30  Spore Crawler  
  77  6:36  Queen x3  
  83  6:52  Zerg Missile Weapons Level 2  
  83  6:54  Grooved Spines  
  83  6:57  Overlord x3, Infestation Pit  
  82  7:11  Spore Crawler  
  82  7:13  Overlord x2  
  81  7:17  Queen x2  
  87  7:29  Overlord x2  
  87  7:35  Hive  
  85  7:39  Overlord  
  85  7:42  Overlord x2  
  85  7:48  Overseer  
  85  7:49  Lurker Den  
  84  7:52  Zerg Ground Armor Level 2  
  84  7:53  Drone  
  84  7:57  Drone x2  
  87  7:59  Drone  
  87  8:04  Drone x3  
  91  8:05  Muscular Augments  
  91  8:09  Drone x3  
  94  8:22  Drone x6  
  94  8:23  Drone x2  
  94  8:27  Extractor  
  97  8:41  Extractor  
  96  8:42  Hydralisk  
  96  8:43  Hydralisk x2  
  96  8:51  Hatchery  
  55  9:11  Drone x5  
  55  9:12  Drone x6  
  55  9:16  Drone  
  67  9:22  Drone  
  68  9:30  Drone x2  
  70  9:36  Seismic Spines  
  71  9:38  Lurker  
  47  10:13  Drone x9  
Tags
 
Add a new tag
Caveats
  • Supply blocks, unpowered buildings, or Contaminate may cause inaccurate times.
  • Supply counts are checked every 10 seconds.